 Dungeon Crawl Stone Soup version 0.24-a0-458-gfcb5e6da0e (webtiles) character file.

Game seed: 1779346174077188858

364 pk666 the Magician (level 6, 0/48 HPs)
             Began as a Deep Elf Wizard on June 27, 2019.
             Succumbed to a worker ant's poison
             ... on level 4 of the Dungeon.
             The game lasted 00:10:12 (5103 turns).

pk666 the Magician (Deep Elf Wizard)                Turns: 5103, Time: 00:10:13

Health: 0/48       AC: 23    Str:  3 (4)  XL:     6   Next: 39%
Magic:  3/16       EV:  2    Int: 23 (25) God:
Gold:   131        SH:  0    Dex: 10 (13) Spells: 7/16 levels left

rFire    . . .     SeeInvis .   n - +0 dagger
rCold    . . .     Gourm    .   (no shield)
rNeg     + + +     Faith    .   (armour currently unavailable)
rPois    +         Spirit   .   (helmet currently unavailable)
rElec    .         Reflect  .   (cloak currently unavailable)
rCorr    .         Harm     .   (gloves currently unavailable)
MR       .....     NoTele   +   (boots currently unavailable)
Stlth    ++........             (no amulet)
HPRegen  0.16/turn              (no ring)
MPRegen  0.15/turn              (no ring)

@: lethally poisoned (0 -> -3), tree-form, hasted, very quick
A: no striking features
a: no special abilities


You were on level 4 of the Dungeon.
You were very hungry.
You were a tree.
You visited 1 branch of the dungeon, and saw 4 of its levels.

You collected 131 gold pieces.

Inventory:

Hand Weapons
 n - a +0 dagger (weapon)
Armour
 a - a +0 robe (melded)
 b - a +0 hat (melded)
 p - a +0 pair of gloves (melded)
Wands
 o - a wand of acid (7)
Scrolls
 e - a scroll of noise {unknown}
 f - 3 scrolls of remove curse {unknown}
 h - 8 scrolls of identify {unknown}
 i - a scroll of teleportation {unknown}
 j - a scroll of amnesia {unknown}
 l - a scroll of enchant weapon {unknown}
 m - 2 scrolls of magic mapping {unknown}
Potions
 g - a potion of degeneration
Comestibles
 d - 9 rations


   Skills:
 - Level 3.2 Dodging
 - Level 2.4 Stealth
 + Level 5.8 Spellcasting
 + Level 3.2 Conjurations
   Level 1.1 Summonings
 + Level 2.6 Translocations
 + Level 2.3 Fire Magic
 - Level 2.0 Air Magic
 + Level 2.3 Poison Magic


You had 7 spell levels left.
You knew the following spells:

 Your Spells              Type           Power        Failure   Level  Hunger
a - Magic Dart            Conj           ###.         2%          1    None
b - Blink                 Tloc           N/A          4%          2    None
c - Conjure Flame         Conj/Fire      ###.....     9%          3    #......
d - Mephitic Cloud        Conj/Pois/Air  ###.....     9%          3    #......

Your spell library contained the following spells:

 Spells                   Type           Power        Failure   Level  Hunger
 Call Imp                 Summ           ##......     9%          2    None
 Slow                     Hex            #.......     13%         2    None


Dungeon Overview and Level Annotations

Branches:
Dungeon (4/15)
 Temple: D:4-7

Altars:
Fedhas
Ru
Xom
Yredelemnul
Zin
The Shining One


Message History

You feel sick.
* * * LOW HITPOINT WARNING * * *
You feel sick.
* * * LOW HITPOINT WARNING * * *
You feel sick.
* * * LOW HITPOINT WARNING * * *
You feel sick.
* * * LOW HITPOINT WARNING * * *
You feel sick.
* * * LOW HITPOINT WARNING * * *
You feel sick.
* * * LOW HITPOINT WARNING * * *
You feel sick.
* * * LOW HITPOINT WARNING * * *
You feel sick.
* * * LOW HITPOINT WARNING * * *
You feel sick.
* * * LOW HITPOINT WARNING * * *
You feel sick.
You die...

###.#.###.+#########..
#...#......#.........#
#.#.###.......########
#.#...........#
#.###.#.......#
#.....#.......#
####..#.......#
##.######'##
#♣.......###
########...# #...+
....a.....#
........### .........
.......## .s.....
.......


There were no monsters in sight!

Vanquished Creatures
  A jelly (D:2)
  An orc wizard (D:4)
  An iguana (D:4)
  6 worker ants
  6 adders
  3 worms
  5 dart slugs
  2 leopard geckos
  5 orcs
  A ball python (D:1)
  12 bats
  3 giant cockroaches
  6 goblins
  3 hobgoblins
  3 quokkas
  3 frilled lizards
  3 kobolds
  6 rats
70 creatures vanquished.

Notes
Turn   | Place    | Note
-------+----------+-------------------------------------------
     0 | D:1      | pk666 the Deep Elf Wizard began the quest for the Orb.
     0 | D:1      | Reached XP level 1. HP: 10/10 MP: 7/7
   278 | D:1      | Reached XP level 2. HP: 15/15 MP: 5/9
  1409 | D:2      | Reached XP level 3. HP: 8/19 MP: 4/11
  1579 | D:2      | Learned a level 2 spell: Blink
  1583 | D:2      | Learned a level 3 spell: Conjure Flame
  1587 | D:2      | Learned a level 3 spell: Mephitic Cloud
  1617 | D:2      | Reached skill level 5 in Spellcasting
  1772 | D:2      | Reached XP level 4. HP: 24/24 MP: 9/13
  1817 | D:2      | Reached skill level 1 in Poison Magic
  2014 | D:2      | Found a glowing golden altar of the Shining One.
  2014 | D:2      | Found a blossoming altar of Fedhas.
  2014 | D:2      | Found a glowing silver altar of Zin.
  2014 | D:2      | Found a basalt altar of Yredelemnul.
  2105 | D:2      | Reached skill level 1 in Fire Magic
  2463 | D:2      | Found a shimmering altar of Xom.
  2463 | D:2      | Found a sacrificial altar of Ru.
  2473 | D:3      | Found a sacrificial altar of Ru.
  2618 | D:3      | Reached skill level 1 in Air Magic
  2858 | D:3      | Reached XP level 5. HP: 28/28 MP: 10/14
  4201 | D:4      | Reached XP level 6. HP: 14/32 MP: 0/16
  5094 | D:4      | HP: 2/48 [poisoned by a worker ant]
  5099 | D:4      | HP: 1/48 [poisoned by a worker ant]
  5103 | D:4      | Succumbed to a worker ant's poison

Levels and vault maps discovered:
D:1:      roderic_dead_forest, layout_loops_ring
D:2:      cheibrodos_helix_gallery, layout_loops_ring,
          chequers_temple_overflow_statue_of_worship,
          gammafunk_temple_overflow_statue
D:3:      layout_loops_corners, minivault_19, serial_bayou_pond_d,
          nicolae_ru_awakened_eye
D:4:      layout_basic, hangedman_abyss_or_decor_stabs

Skill      XL: |  1  2  3  4  5  6 |
---------------+-------------------+-----
Dodging        | 3 |  3.2
Conjurations   | 2 3 |  3.2
Spellcasting   | 5 |  5.8
Poison Magic   | 1 2 |  2.3
Fire Magic     | 1 2 |  2.3
Air Magic      | 1 2 |  2.0
Translocations | 2 |  2.6
Stealth        | |  2.4
Summonings     | |  1.1

Action                   |  1- 3 |  4- 6 || total
-------------------------+-------+-------++-------
Melee: Dagger            |       |    11 ||    11
 Cast: Magic Dart        |    72 |   169 ||   241
       Blink             |       |     5 ||     5
       Mephitic Cloud    |       |     2 ||     2
       Conjure Flame     |       |     1 ||     1
  Use: Potion            |       |     6 ||     6
  Eat: Chunk             |     2 |     9 ||    11
Armor: Robe              |     4 |     1 ||     5
       Skin              |       |     5 ||     5
Dodge: Dodged            |    13 |    41 ||    54

Table legend:
 A = Non-vault XP
 B = Vault XP
 C = Vault XP percentage of total XP
 D = Non-vault monster count
 E = Vault monster count
 F = Vault count percentage of total count
                 A         B        C        D         E       F
            +---------+---------+-------+---------+---------+-------
      Total |     475 |      46 |   8.8 |      68 |       2 |   2.9
            +---------+---------+-------+---------+---------+-------
        D:1 |      30 |       1 |   3.2 |      16 |       1 |   5.9
        D:2 |      82 |      45 |  35.4 |      23 |       1 |   4.2
        D:3 |     108 |       0 |   0.0 |      19 |       0 |   0.0
        D:4 |     255 |       0 |   0.0 |      10 |       0 |   0.0
            +---------+---------+-------+---------+---------+-------
